Unix NetHack Version 5.0.0-0 post-release - last build May 10 2026 23:12:36 (d1fa5d53e341ca933230fdaa984d921c805b60aa,branch:main).

Game began 2026-05-16 10:35:28, ended 2026-05-16 10:41:20.

ArrBianca, neutral female human Priestess

        ...
       ....
       ....
       .....
      -......
   ----%....-
  --..@-- ---
  |<..--
  |..

ArrBianca the Acolyte        St:11 Dx:8 Co:18 In:9 Wi:18 Ch:9  Neutral
Dlvl:3  $:44 HP:0(35) Pw:23(23) AC:7  Xp:3 T:880  Satiated Blind

Latest messages:
 You see here a bat corpse.
 Where do you want to travel to?
 (For instructions type a '?')
 The fox bites!
 You miss the fox.
 The fox bites!
 You kill the fox!
 Where do you want to travel to?
 (For instructions type a '?')
 You hear water falling on coins.
 You climb up the stairs.
 a - a blessed +1 mace (weapon in right hand).
 a - a blessed +1 mace (weapon in right hand).
 Where do you want to travel to?
 (For instructions type a '?')
 You hear the footsteps of a guard on patrol.
 Your newt corpse rots away.
 You hear water falling on coins.
 Where do you want to travel to?
 (For instructions type a '?')
 You hear someone counting gold coins.
 You descend the stairs.
 Where do you want to travel to?
 (For instructions type a '?')
 The giant rat bites!
 You hit the giant rat!
 The giant rat just misses!
 You miss the giant rat.
 The giant rat bites!
 You kill the giant rat!
 You kill the giant rat!
 Welcome to experience level 3.
 You descend the stairs.
 What do you want to ready? [$lu or ?*] <space>
 Never mind.
 You kill the gnome!
 You see here a gnome corpse.
 The gnome lord hits!
 The gnome hits!
 The gnome lord hits!
 The gnome lord hits!
 You see here a gnome corpse.
 You hear a nearby zap.
 The bolt of lightning whizzes by you!
 You are blinded by the flash!
 You hear a nearby zap.
 The bolt of lightning hits it!
 The bolt of lightning hits you!
 You die...
 Do you want an account of creatures vanquished? [ynaq] (y) q

Inventory:
 Coins    ('$')
  $ - 44 gold pieces
 Weapons  (')')
  u - 7 blessed rusty +3 darts
  l - 10 +0 darts
  a - a blessed +1 mace (weapon in right hand)
 Armor    ('[')
  c - a +0 small shield (being worn)
  b - a +0 robe (being worn)
 Comestibles  ('%')
  e - a clove of garlic
  i - 5 food rations
  k - a cursed food ration
  f - a sprig of wolfsbane
  t - 2 cursed tripe rations
  s - an egg
  q - 2 lichen corpses
 Spellbooks  ('+')
  h - a spellbook of detect unseen
  m - a spellbook of haste self
  g - a spellbook of protection
 Potions  ('!')
  n - a potion of gain energy
  d - 4 potions of holy water

ArrBianca the Priestess's attributes:

Background:
 You were an Acolyte, a level 3 human Priestess.
 You were neutral, on a mission for Raijin
 who was opposed by Amaterasu Omikami (lawful) and Susanowo (chaotic).
 You were right-handed.
 You were in the Gnomish Mines, on level 3.
 You entered the dungeon 880 turns ago.
 There was a new moon in effect when your adventure ended.
 You had 48 experience points, 32 more were needed to attain level 4.

Basics:
 You had 0 out of 35 hit points.
 You had all 23 energy points (spell power).
 Your armor class was 7.
 Your wallet contained 44 zorkmids.
 Autopickup was on for '$?!/="+%' plus thrown, with exceptions.

Final Characteristics:
 Your strength was 11 (limit:18/100).
 Your dexterity was 8 (limit:18).
 Your constitution was 18 (limit:18).
 Your intelligence was 9 (limit:18).
 Your wisdom was 18 (limit:18).
 Your charisma was 9 (limit:18).

Final Status:
 You were temporarily blind.
 You were satiated.
 You were unencumbered.
 You were wielding a mace.
 You had basic skill with mace.

Final Attributes:
 You were fervently aligned.
 You were guarded.
 Your spell casting was enhanced by wearing a robe.
 You are dead.

Miscellaneous:
 You didn't encounter any bones levels.
 Total elapsed playing time was 5 minutes and 52 seconds.

Major events:
 Turn
    1: ArrBianca the neutral human Priestess entered the dungeon
  842: attained the rank of Acolyte (level 3)
  862: entered the Gnomish Mines
  880: killed by a bolt of lightning zapped by a gnome

Spells:
 Name                 Level Category     Fail Retention
 protection             1   clerical       0%  91%-100%
 detect unseen          3   divination    74%  76%-100%
 haste self             3   escape        74%  76%-100%

Skills:
 Fighting Skills
   bare handed combat [Unskilled]
 Weapon Skills
   club               [Unskilled]
   mace               [Basic]
   morning star       [Unskilled]
   flail              [Unskilled]
   hammer             [Unskilled]
   quarterstaff       [Unskilled]
   polearms           [Unskilled]
   spear              [Unskilled]
   trident            [Unskilled]
   lance              [Unskilled]
   bow                [Unskilled]
   sling              [Unskilled]
   crossbow           [Unskilled]
   dart               [Unskilled]
   shuriken           [Unskilled]
   boomerang          [Unskilled]
   unicorn horn       [Unskilled]
 Spellcasting Skills
   healing spells     [Unskilled]
   divination spells  [Unskilled]
   clerical spells    [Basic]

Voluntary challenges:
 Character rerolling was not enabled.
 You were an atheist.
 You never had a pet.
 You never genocided any monsters.
 You never polymorphed an object.
 You never changed form.
 You used no wishes.
Achievements:
 You attained the rank of Acolyte.
 You entered the Gnomish Mines.

 The Dungeons of Doom: levels 1 to 3
    Level 1:
       An altar, a fountain.
    Level 2:
       A fountain.
       Stairs down to The Gnomish Mines.
    Level 3:
 The Gnomish Mines:
    Level 3: <- You were here.
       Final resting place for
          you, killed by a bolt of lightning zapped by a gnome.


Vanquished creatures:
  a large kobold
  2 giant rats
  3 gnomes
  4 jackals
  2 foxes
  a bat
  2 lichens
  4 newts
19 creatures vanquished.

No species were genocided or became extinct.

Game over:
                       ----------
                      /          \
                     /    REST    \
                    /      IN      \
                   /     PEACE      \
                  /                  \
                  |    ArrBianca     |
                  |      44 Au       |
                  | killed by a bolt |
                  |   of lightning   |
                  |   zapped by a    |
                  |      gnome       |
                  |       2026       |
                 *|     *  *  *      | *
        _________)/\\_//(\/(/\)/\//\/|_)_______

Goodbye ArrBianca the Priestess...

You died in The Gnomish Mines on dungeon level 3 with 332 points,
and 44 pieces of gold, after 880 moves.
You were level 3 with a maximum of 35 hit points when you died.

